 Dungeon Crawl Stone Soup version 0.21.1-1-g345015fe64 (webtiles) character file.

60 Khress the Shield-Bearer (level 4, -2/28 HPs)
             Began as a Gargoyle Fighter on Apr 21, 2018.
             Killed by divine providence
             ... invoked by an orc priest
              (8 damage)
             ... on level 3 of the Dungeon.
             The game lasted 00:07:44 (1559 turns).

Khress the Shield-Bearer (Gargoyle Fighter)         Turns: 1559, Time: 00:07:44

Health: -2/28      AC: 11    Str: 26    XL:     4   Next: 4%
Magic:  4/4        EV:  8    Int:  8    God:
Gold:   67         SH: 10    Dex:  9    Spells: 3/3 levels left

rFire    . . .     SeeInvis .   g - +0 short sword
rCold    . . .     Gourm    .   c - +0 shield
rNeg     + . .     Faith    .   b - +0 scale mail
rPois    ∞         Spirit   .   (no helmet)
rElec    +         Reflect  .   (no cloak)
rCorr    .         Harm     .   (no gloves)
MR       .....                  m - +0 pair of boots
Stlth    +.........             (no amulet)
HPRegen  0.09/turn              v - +5 ring of strength
MPRegen  0.09/turn              u - ring of stealth

@: no status effects
A: negative energy resistance 1, electricity resistance, unbreathing,
petrification resistance, rot immunity, AC +3
a: no special abilities


You were on level 3 of the Dungeon.
You were not hungry.

You visited 1 branch of the dungeon, and saw 3 of its levels.

You collected 67 gold pieces.

Inventory:

Hand Weapons
 a - a +0 trident
 g - a +0 short sword (weapon)
Missiles
 t - 3 tomahawks (quivered)
Armour
 b - a +0 scale mail (worn)
 c - a +0 shield (worn)
 h - a +0 shield
 m - a +0 pair of boots (worn)
Jewellery
 i - an uncursed ring of flight
 u - a ring of stealth (right hand)
 v - a +5 ring of strength (left hand)
Scrolls
 j - a scroll of blinking
 k - a scroll of identify
 n - a scroll of remove curse
Potions
 d - a potion of might
 e - a potion of flight
 l - a potion of invisibility {unknown}
 o - a potion of magic {unknown}
 q - a potion of curing
Comestibles
 f - 4 rations


   Skills:
 + Level 3.6 Fighting
 + Level 1.3 Short Blades
 + Level 2.0 Polearms
 + Level 3.6 Armour
 + Level 0.5 Dodging
 + Level 4.0 Shields


You had 3 spell levels left.
You didn't know any spells.

Dungeon Overview and Level Annotations

Branches:
Dungeon (3/15)

Altars:
Cheibriados


Innate Abilities, Weirdness & Mutations

You are resistant to torment.
Your stone body is resilient. (AC +3)
You are immune to poison.
You resist negative energy. (rN+)
You are resistant to electric shocks. (rElec)
You can survive without breathing.
You are immune to petrification.
You are immune to rotting.


Message History

Your Shields skill increases to level 4!
The rat barely misses you.
The orc priest miscasts a cantrip.
You see here a hobgoblin corpse.
The orc priest begins to cast a cantrip, but forgets the words!
The orc priest invokes the aid of Beogh against you.
Beogh smites you!
* * * LOW HITPOINT WARNING * * *
You block the rat's attack. You block the rat's attack.
You block the orc's attack.
Your magical contamination has completely faded away.
Found a stone staircase leading down.
You open the door. The rat bites you but does no damage.
Found 18 gold pieces.
The rat closely misses you.
There is an open door here.
The rat barely misses you.
The orc priest calls down the wrath of Beogh upon you.
Beogh smites you!
You die...

*** *** *,* *,* *******,* *,***
,,,,,,,,*******### *,**,
******,,,,,,,,,..# *,**,
**,*#*****#.############+##,
**,,..,,,*#$#.............#,
******,,,...,,*#.#.............#,
,,,,,,,,,,...,,#@#.............#.
******,,,,,,..,#.#...............
* *,,,,...##.#r#o{o............ *
*,,,,........o###.###†.......
*****,,,,>........o.......###....
,,,,,,,,,..............##'###....
*****,,,,...#............o....#..
*******,,..,#.....#.#.#..o.......
,,,,,,,,,.,.......#.#.#........#.


You could see an orc priest and a rat.

Vanquished Creatures
  2 worms (D:2)
  A dart slug (D:2)
  2 leopard geckos (D:1)
  5 orcs (D:3)
  3 bats (D:1)
  2 giant cockroaches
  7 goblins
  3 hobgoblins
  3 jackals (D:2)
  6 frilled lizards
  7 kobolds
  2 rats
43 creatures vanquished.

Notes
Turn   | Place    | Note
-------+----------+-------------------------------------------
     0 | D:1      | Khress the Gargoyle Fighter began the quest for the Orb.
     0 | D:1      | Reached XP level 1. HP: 14/14 MP: 1/1
   177 | D:1      | Reached XP level 2. HP: 19/19 MP: 2/2
   998 | D:2      | Reached XP level 3. HP: 19/23 MP: 3/3
  1181 | D:2      | Found a snail-covered altar of Cheibriados.
  1465 | D:3      | Reached skill level 1 in Short Blades
  1484 | D:3      | Reached XP level 4. HP: 17/28 MP: 4/4
  1542 | D:3      | Reached skill level 4 in Shields
  1559 | D:3      | Killed from afar by an orc priest

Skill      XL: |  1  2  3  4 |
---------------+-------------+-----
Polearms       | 2 |  2.0
Short Blades   | 1 |  1.3
Shields        | 4 |  4.0
Fighting       | |  3.6
Armour         | |  3.6
Dodging        | |  0.5

Action                   |  1- 3 |  4- 6 || total
-------------------------+-------+-------++-------
Melee: Trident           |    33 |       ||    33
       Short sword       |   182 |     9 ||   191
  Use: Potion            |     2 |       ||     2
       Scroll            |       |     6 ||     6
  Eat: Ration            |     1 |       ||     1
Armor: Scale mail        |   109 |     6 ||   115
Dodge: Dodged            |    79 |     4 ||    83
Block: Shield            |   124 |    12 ||   136
